 Dungeon Crawl Stone Soup version 0.28.0-45-g0d030f2227 (webtiles) character file.

Game seed: 15456603859700805017

154 Descartes the Grasshopper (level 5, -4/49 HPs)
             Began as a Troll Warper on Apr 5, 2022.
             Slain by Eustachio
             ... wielding a +3 rapier of electrocution
              (9 damage)
             ... on level 4 of the Dungeon.
             The game lasted 00:06:11 (2348 turns).

Descartes the Grasshopper (Troll Warper)            Turns: 2348, Time: 00:06:12

Health: -4/49      AC:  4    Str: 19    XL:     5   Next: 13%
Magic:  6/6        EV: 10    Int: 11    God:
Gold:   70         SH:  0    Dex:  9    Spells: 5/7 levels left

rFire   . . .      SeeInvis .     - Unarmed
rCold   . . .      Faith    .   (no shield)
rNeg    . . .      Spirit   .   a - +0 robe
rPois   .          Reflect  .   (helmet restricted)
rElec   .          Harm     .   (no cloak)
rCorr   .          Rampage  .   (gloves unavailable)
Will    .....                   (boots unavailable)
Stlth   +.........              (no amulet)
HPRegen 0.96/turn               (no ring)
MPRegen 0.10/turn               (no ring)

@: no status effects
A: large, unfitting armour, claws 3, regeneration 1, shaggy fur 1, tough skin 1
a: no special abilities


You were on level 4 of the Dungeon.
You visited 1 branch of the dungeon, and saw 4 of its levels.

You collected 70 gold pieces.

Inventory:

Hand Weapons
 n - the +6 shillelagh "Devastator" {shatter}
   (You found it on level 2 of the Dungeon)

   It releases a powerful concussive burst when it strikes, dealing extra damage
   to the target and all other foes adjacent to them.
Missiles
 c - 5 boomerangs of dispersal (quivered)
 m - 4 large rocks
 r - 34 stones
 u - 3 boomerangs
Armour
 a - a +0 robe (worn)
Jewellery
 p - a ring of ice
 t - a ring of magical power
Scrolls
 b - a scroll of blinking
 e - 3 scrolls of teleportation
 f - a scroll of torment
 g - 2 scrolls of amnesia
 k - 2 scrolls of vulnerability
 l - a scroll of holy word {unknown}
 o - a scroll of brand weapon {unknown}
Potions
 d - a potion of curing {unknown}
 i - 2 potions of might {unknown}
 j - 2 potions of heal wounds {unknown}
 q - 2 potions of haste {unknown}
 s - 2 potions of attraction {unknown}


   Skills:
 + Level 2.0 Fighting
 + Level 0.6 Maces & Flails
 + Level 1.5 Throwing
 + Level 2.3 Dodging
 + Level 1.2 Shields
 + Level 2.5 Unarmed Combat
 + Level 1.5 Spellcasting
 + Level 2.5 Translocations
 + Level 1.1 Evocations


You had 5 spell levels left.
You knew the following spells:

 Your Spells              Type           Power      Damage    Failure   Level
a - Blink                 Tloc           12%        N/A       16%         2

Your spell library contained the following spells:

 Spells                   Type           Power      Damage    Failure   Level
 Gell's Gravitas          Tloc           6%         N/A       32%         3
 Lesser Beckoning         Tloc           6%         N/A       32%         3
 Teleport Other           Tloc           6%         N/A       32%         3
 Ignite Poison            Fire/Tmut/Pois 0%         N/A       67%         3
 Mephitic Cloud           Conj/Pois/Air  0%         N/A       67%         3
 Manifold Assault         Tloc           6%         N/A       96%         5
 Freezing Cloud           Conj/Ice/Air   0%         6-21      100%        5


Dungeon Overview and Level Annotations

Branches:
Dungeon (4/15)
 Temple: D:4-7

Altars:
Vehumet

Annotations:
D:4 Dowan, Eustachio


Innate Abilities, Weirdness & Mutations

You are too large for most types of armour.
You have claws for hands.
Your natural rate of healing is unusually fast.
You are covered in fur. (AC +1)
You have tough skin. (AC +1)


Message History

Eustachio is lightly wounded.
Eustachio hits you with a +3 rapier of electrocution!
You are too injured to fight recklessly!
You are too injured to fight recklessly!
You are too injured to fight recklessly!
You are too injured to fight recklessly!
You are too injured to fight recklessly!
You are too injured to fight recklessly!
You are too injured to fight recklessly!
You are too injured to fight recklessly!
You are too injured to fight recklessly!
You are too injured to fight recklessly!
You are too injured to fight recklessly!
You are too injured to fight recklessly!
You are too injured to fight recklessly!
Items here: ( ))) [[ †.
Eustachio mumbles some strange words.
Eustachio gestures wildly while chanting.
Eustachio blinks!
You completely miss Eustachio.
Eustachio is lightly wounded.
Eustachio closely misses you.
You claw Eustachio!
Eustachio is heavily wounded.
Eustachio hits you with a +3 rapier of electrocution.
You are electrocuted!!
* * * LOW HITPOINT WARNING * * *
You scratch Eustachio but do no damage.
Eustachio is heavily wounded.
Eustachio casts a spell.
Eustachio blinks!
Eustachio gestures wildly while chanting.
Eustachio blinks!
Dowan gestures wildly while chanting.
Dowan blinks!
There is a stone staircase leading up here.
The river rat barely misses you. Dowan hits you with a +0 dagger.
* * * LOW HITPOINT WARNING * * *
Eustachio hits you with a +3 rapier of electrocution!
You die...

####### #.....#
#)....# #.....##
#......# #####
#......###...#
###.##.......##.##
#.######@......#
#.# #e@#......#
#.# ###r####..#.#
#.# #...# ...[ #.#
#§### .## #.# #.#
.. #.# #)# . ###)#
#...# #.###


You could see Eustachio, Dowan and a river rat (summoned).

Vanquished Creatures
  4 adders
  2 worms
  2 dart slugs
  13 orcs
  5 endoplasms
  5 giant cockroaches
  8 goblins
  5 hobgoblins
  9 jackals
  9 kobolds
  4 quokkas
  7 ball pythons
  5 bats
  6 frilled lizards
  3 rats
87 creatures vanquished.

Notes
Turn   | Place    | Note
-------+----------+-------------------------------------------
     0 | D:1      | Descartes the Troll Warper began the quest for the Orb.
     0 | D:1      | Reached XP level 1. HP: 19/19 MP: 1/1
    20 | D:1      | Reached skill level 1 in Throwing
    93 | D:1      | Reached XP level 2. HP: 21/27 MP: 2/2
   277 | D:1      | Found a faded altar of an unknown god.
   288 | D:1      | Prayed at the altar of an unknown god.
   288 | D:1      | Became a worshipper of Vehumet
   288 | D:1      | Reached * piety under Vehumet
   288 | D:1      | Offered knowledge of Sandblast by Vehumet.
   293 | D:1      | Fell from the grace of Vehumet
   521 | D:1      | Reached XP level 3. HP: 35/35 MP: 4/4
   736 | D:2      | Found the +6 shillelagh "Devastator" {shatter}
   877 | D:2      | Reached skill level 1 in Shields
  1382 | D:3      | Reached XP level 4. HP: 42/42 MP: 5/5
  1898 | D:3      | Reached skill level 1 in Evocations
  1944 | D:3      | Learned a level 2 spell: Blink
  2285 | D:4      | Noticed Eustachio
  2286 | D:4      | Noticed Dowan
  2295 | D:4      | Reached XP level 5. HP: 35/49 MP: 6/6
  2348 | D:4      | Slain by Eustachio

Illustrated notes

Levels and vault maps discovered:
D:1:      scummos_arrival_checkerplants, layout_loops_ring,
          hellmonk_ecumenical_altar_pennies_from_heaven, st_stairs_3
D:2:      cheibrodos_helix_gallery, layout_basic, corner_web_ring
D:3:      layout_basic, minmay_between
D:4:      layout_rooms, nicolae_ru_the_path_less_chosen,
          mainiacjoe_overflow_tiny_flanked, serial_shops, shop,
          portal_sewer_entry_f, interstate_on_off, uniq_duvessa, uniq_eustachio

Skill      XL: |  1  2  3  4 |
---------------+-------------+-----
Throwing       | 1 |  1.5
Dodging        | 2 |  2.3
Shields        | 1 |  1.2
Fighting       | 2 |  2.0
Evocations     | 1 |  1.1
Maces & Flails | |  0.6
Unarmed Combat | |  2.5
Spellcasting   | |  1.5
Translocations | |  2.5

Action                   |  1- 3 |  4- 6 || total
-------------------------+-------+-------++-------
Melee: Unarmed           |   171 |   113 ||   284
       Punch             |     1 |     2 ||     3
Invok: Renounce Religion |     1 |       ||     1
  Use: Scroll            |       |     4 ||     4
 Stab: Sleeping          |     1 |     1 ||     2
Armor: Robe              |    63 |    20 ||    83
Dodge: Dodged            |   135 |    51 ||   186
